 Dungeon Crawl Stone Soup version 0.29.0-4-gdea44cf6ec (webtiles) character file.

Game seed: 5658772220169792799

329 qw the Cleaver (level 6, -3/52 HPs)
             Began as a Minotaur Berserker on Sept 8, 2022.
             Was a Believer of Trog.
             Slain by Sigmund
             ... wielding a +0 scythe
              (7 damage)
             ... on level 4 of the Dungeon.
             The game lasted 00:01:09 (3216 turns).

qw the Cleaver (Minotaur Berserker)                 Turns: 3216, Time: 00:01:10

Health: -3/52      AC:  8    Str: 23    XL:     6   Next: 25%
Magic:  5/5        EV:  8    Int: 10    God:    Trog [**....]
Gold:   50         SH:  0    Dex: 10    Spells: 5/5 levels left

rFire   . . .      SeeInvis .   Y - +0 hand axe
rCold   . . .      Faith    .   (no shield)
rNeg    . . .      Spirit   .   h - +0 chain mail
rPois   +          Reflect  .   (helmet restricted)
rElec   .          Harm     .   (no cloak)
rCorr   .          Rampage  .   (no gloves)
Will    .....                   (no boots)
Stlth   ..........              (no amulet)
HPRegen 0.17/turn               g - +6 ring of intelligence
MPRegen 0.09/turn               b - ring of poison resistance

@: on berserk cooldown, slowed, very slow
A: horns 2, retaliatory headbutt
a: Renounce Religion, Berserk, Trog's Hand


You were on level 4 of the Dungeon.
You worshipped Trog.
Trog was pleased with you.
You visited 1 branch of the dungeon, and saw 4 of its levels.

You collected 119 gold pieces.
You spent 69 gold pieces at shops.


Innate Abilities, Weirdness & Mutations

You have a pair of horns on your head.
You reflexively headbutt those who attack you in melee.


   Skills:
 - Level 4.0 Fighting
 + Level 8.4 Axes
 - Level 2.4 Armour
 - Level 2.1 Dodging


You had 5 spell levels left.
You didn't know any spells.
Your spell library was empty.

Inventory:

Hand Weapons
 f - a +0 flail
 Y - a +0 hand axe (weapon)
Armour
 a - the +1 pair of gloves of Vesor {Harm rElec Regen+ Dex-3}
   (You found it on level 2 of the Dungeon)

   Dex:       It affects your dexterity (-3).
   rElec:     It insulates you from electricity.
   Regen:     It increases your rate of health regeneration.
   Harm:      It increases damage dealt and taken.
 h - a +0 chain mail (worn)
Jewellery
 b - a ring of poison resistance (right hand)
 e - a ring of poison resistance
 g - a +6 ring of intelligence (left hand)
 i - a ring of flight
Scrolls
 d - a scroll of enchant armour
 l - a scroll of torment {unknown}
 m - a scroll of identify
Potions
 c - 2 potions of curing
 j - a potion of attraction {unknown}
 k - a potion of lignification {unknown}
 o - a potion of invisibility {unknown}

Dungeon Overview and Level Annotations

Branches:
Dungeon (4/15)
 Temple: D:4-7

Altars:
Ashenzari
Elyvilon
Vehumet

Shops:
D:2 [   D:3 ?

Annotations:
D:4 Sigmund


Message History

Something hits you!
You swing at nothing.
A magic dart appears from out of thin air!
The magic dart hits you but does no damage.
You swing at nothing.
Something hits you but does no damage.
You swing at nothing.
Something hits you but does no damage.
You swing at nothing.
Something hits you!
You swing at nothing.
Something hits you.
You swing at nothing.
Something hits you.
You swing at nothing.
Something hits you but does no damage.
You swing at nothing.
Something hits you.
You swing at nothing.
You swing at nothing.
Something hits you.
You swing at nothing.
Something hits you but does no damage.
You swing at nothing.
Something hits you but does no damage.
You swing at nothing.
You hear some strange, mumbled words.
A puff of flame appears from out of thin air!
The puff of flame hits you.
You swing at nothing.
You hear some strange, mumbled words.
Something tries to affect you, but you resist.
You hear some strange, mumbled words.
Something tries to affect you, but you resist.
You swing at nothing.
A magic dart appears from out of thin air!
The magic dart hits you!
You swing at nothing.
Something hits you!
You die...

#..##.. #..####
#..#####
#.......
#.......
#.#.####
#.######
#.......
#...{..#
###.####
#@##### #.#
#.#...#######.#
#.#...........#
#<#...#########
#....## ######


There were no monsters in sight!

Vanquished Creatures
  A black bear (D:4)
  A necrophage (D:3)
  2 adders
  7 gnolls (D:3)
  An ufetubus (D:4)
  2 worms
  3 orcs
  10 endoplasms
  3 giant cockroaches
  8 goblins
  4 hobgoblins
  7 jackals
  2 quokkas
  5 ball pythons
  6 bats
  5 frilled lizards
  7 kobolds
  7 rats
81 creatures vanquished.

Notes
Turn   | Place    | Note
-------+----------+-------------------------------------------
     0 | D:1      | qw the Minotaur Berserker began the quest for the Orb.
     0 | D:1      | Reached XP level 1. HP: 19/19 MP: 0/0
     0 | D:1      | 0 ||| qw: Version: 0.1-a-112-g44dc6cd
     0 | D:1      | 0 ||| qw: Game counter: 6681
     0 | D:1      | 0 ||| qw: Always use a shield: true
     0 | D:1      | 0 ||| qw: Do Orc after D:15 true
     0 | D:1      | 0 ||| qw: Do second Lair branch before Depths: true
     0 | D:1      | 0 ||| qw: Lair rune preference: random
     0 | D:1      | 0 ||| qw: Plans: Normal
     0 | D:1      | 0 ||| PLANNING D:1-11
    88 | D:1      | Reached skill level 4 in Axes
   229 | D:1      | Reached XP level 2. HP: 24/26 MP: 1/1
   295 | D:1      | 295 ||| Stepping ~*~*~tactically~*~*~ (stealth).
   297 | D:1      | 297 ||| Stepping ~*~*~tactically~*~*~ (stealth).
   305 | D:1      | 305 ||| Stepping ~*~*~tactically~*~*~ (stealth).
   326 | D:1      | 326 ||| Stepping ~*~*~tactically~*~*~ (stealth).
   436 | D:1      | Reached ** piety under Trog
   447 | D:1      | 447 ||| Stepping ~*~*~tactically~*~*~ (stealth).
   449 | D:1      | 449 ||| Stepping ~*~*~tactically~*~*~ (stealth).
   509 | D:1      | Reached skill level 5 in Axes
   674 | D:1      | Reached XP level 3. HP: 29/31 MP: 2/2
   988 | D:1      | 988 ||| UPGRADING to +0 leather armour.
   998 | D:1      | 998 ||| DROPPING +0 animal skin.
   999 | D:1      | 999 ||| UPGRADING to +6 ring of intelligence.
  1000 | D:1      | 1000 ||| READING scroll labelled CUGISOU ATAYRUIR.
  1130 | D:2      | Identified the +1 pair of gloves of Vesor {Harm rElec
                  | Regen+ Dex-3}
  1177 | D:2      | 1177 ||| INVOKING Berserk.
  1296 | D:2      | Found a radiant altar of Vehumet.
  1409 | D:2      | Found Hisi's Armour Boutique.
  1417 | D:2      | 1417 ||| BUYING +0 chain mail (45 gold).
  1417 | D:2      | Bought a +0 chain mail for 45 gold pieces
  1766 | D:2      | 1766 ||| UPGRADING to +0 ring mail.
  1776 | D:2      | 1776 ||| DROPPING +0 leather armour.
  1777 | D:2      | 1777 ||| UPGRADING to +0 chain mail.
  1787 | D:2      | 1787 ||| DROPPING +0 ring mail.
  1788 | D:2      | 1788 ||| UPGRADING to ring of poison resistance.
  1789 | D:2      | 1789 ||| READING scroll labelled TUTER COSKOI.
  1890 | D:2      | 1890 ||| DRINKING 2 amethyst potions.
  1939 | D:3      | Noticed a necrophage
  1949 | D:3      | Killed a necrophage
  1950 | D:3      | Reached skill level 6 in Axes
  1950 | D:3      | Reached XP level 4. HP: 32/39 MP: 3/3
  2144 | D:3      | 2144 ||| INVOKING Berserk.
  2148 | D:3      | Reached skill level 7 in Axes
  2148 | D:3      | Reached XP level 5. HP: 45/45 MP: 4/4
  2233 | D:3      | 2233 ||| DROPPING +0 whip.
  2386 | D:3      | 2386 ||| Stepping ~*~*~tactically~*~*~ (hiding).
  2389 | D:3      | 2389 ||| INVOKING Berserk.
  2611 | D:3      | 2611 ||| Stepping ~*~*~tactically~*~*~ (stealth).
  2698 | D:3      | Found Fylob's Magic Scroll Shoppe.
  2716 | D:3      | 2716 ||| SHOPLISTING scroll of enchant weapon (90 gold,
                  | have 32).
  2716 | D:3      | 2716 ||| BUYING scroll of identify (24 gold).
  2716 | D:3      | Bought a scroll of identify for 24 gold pieces
  2716 | D:3      | 2716 ||| SHOPLISTING scroll of identify (24 gold, have 8).
  2748 | D:3      | 2748 ||| DROPPING amulet of faith.
  2749 | D:3      | 2749 ||| READING 2 scrolls labelled DAURUMOIREL.
  2750 | D:3      | 2750 ||| READING scroll labelled EPLEIS UPTEWIKH.
  2751 | D:3      | 2751 ||| READING scroll labelled WUMUC IGYTODUKH.
  2752 | D:3      | 2752 ||| READING 2 scrolls of identify.
  2752 | D:3      | 2752 ||| IDENTIFYING orange potion
  2753 | D:3      | 2753 ||| DROPPING potion of degeneration.
  2822 | D:4      | Noticed a black bear
  2826 | D:4      | 2826 ||| Stepping ~*~*~tactically~*~*~ (stealth).
  2828 | D:4      | 2828 ||| INVOKING Berserk.
  2832 | D:4      | Killed a black bear
  2833 | D:4      | Reached skill level 8 in Axes
  2833 | D:4      | Reached XP level 6. HP: 52/52 MP: 5/5
  3017 | D:4      | Found a broken altar of Ashenzari.
  3019 | D:4      | Found a white marble altar of Elyvilon.
  3114 | D:4      | Reached *** piety under Trog
  3194 | D:4      | Noticed Sigmund
  3195 | D:4      | 3195 ||| INVOKING Berserk.
  3210 | D:4      | HP: 13/52 [something (6)]
  3215 | D:4      | HP: 4/52 [something/magic dart (9)]
  3216 | D:4      | Slain by Sigmund

Levels and vault maps discovered:
D:1:      dpeg_arrival_line_fractal, layout_loops_ring
D:2:      layout_basic, basic_altar, serial_shops, nicolae_shop_statue_plus
D:3:      layout_basic, serial_shops, nicolae_diamond_shop,
          uniq_crazy_yiuf_cottage
D:4:      layout_loops_ring, minitemple, minmay_temple_entry_proselytizer,
          uniq_blork_the_orc, uniq_sigmund

Skill      XL: |  1  2  3  4  5 |
---------------+----------------+-----
Axes           | 4 5 6 7 8 |  8.4
Fighting       | 4 |  4.0
Armour         | |  2.4
Dodging        | |  2.1

Action                   |  1- 3 |  4- 6 || total
-------------------------+-------+-------++-------
Melee: Hand axe          |    91 |    69 ||   160
       Punch             |     4 |       ||     4
       Headbutt          |    11 |    10 ||    21
Invok: Berserk           |     1 |     4 ||     5
  Use: Scroll            |     2 |     4 ||     6
       Potion            |     1 |       ||     1
Armor: Animal skin       |     5 |       ||     5
       Leather armour    |     7 |       ||     7
       Chain mail        |     2 |    28 ||    30
Dodge: Dodged            |    43 |    18 ||    61

Table legend:
 A = Non-vault XP
 B = Vault XP
 C = Vault XP percentage of total XP
 D = Non-vault monster count
 E = Vault monster count
 F = Vault count percentage of total count
                 A         B        C        D         E       F
            +---------+---------+-------+---------+---------+-------
      Total |     471 |       0 |   0.0 |      81 |       0 |   0.0
            +---------+---------+-------+---------+---------+-------
        D:1 |      44 |       0 |   0.0 |      27 |       0 |   0.0
        D:2 |      34 |       0 |   0.0 |      20 |       0 |   0.0
        D:3 |     232 |       0 |   0.0 |      24 |       0 |   0.0
        D:4 |     161 |       0 |   0.0 |      10 |       0 |   0.0
            +---------+---------+-------+---------+---------+-------
